 Dungeon Crawl Stone Soup version 0.28-a0-938-gbc3f381ebc (webtiles) character file.

Game seed: 17881968857635790130

3529 siradein the Skirmisher (level 9, -13/71 HPs)
             Began as a Demonspawn Fighter on Nov 29, 2021.
             Was an Initiate of Gozag.
             Mangled by a red ugly thing (21 damage)
             ... on level 9 of the Dungeon.
             The game lasted 00:38:14 (8147 turns).

siradein the Skirmisher (Demonspawn Fighter)        Turns: 8147, Time: 00:38:16

Health: -13/71     AC: 13    Str: 18    XL:     9   Next: 82%
Magic:  9/9        EV: 16    Int: 10    God:    Gozag
Gold:   778        SH:  5    Dex: 14    Spells: 8/8 levels left

rFire   . . .      SeeInvis .   m - +4 mace
rCold   . . .      Faith    .   c - +0 buckler
rNeg    . . .      Spirit   .   I - +3 ring mail
rPois   .          Reflect  .   e - +0 helmet
rElec   .          Harm     .   i - +0 cloak
rCorr   .          Rampage  .   (no gloves)
Will    +....                   b - +0 pair of boots
Stlth   +.........              a - amulet of regeneration
HPRegen 1.01/turn               g - +4 ring of evasion
MPRegen 0.11/turn               E - ring of willpower

@: about to teleport
A: repulsion field 1, demonic guardian 1, demonic magic 1, demonic touch 1
a: Renounce Religion, Potion Petition, Call Merchant, Bribe Branch


You were on level 9 of the Dungeon.
You worshipped Gozag.
Gozag was pleased with you.
You visited 2 branches of the dungeon, and saw 10 of its levels.
You also visited: Sewer.

You collected 845 gold pieces.
You paid 67 gold pieces to Gozag.

Inventory:

Hand Weapons
 m - a +4 mace (weapon)
Missiles
 o - a curare-tipped dart
 t - 2 javelins
 v - 21 poisoned darts (quivered)
 z - 5 boomerangs
 K - 2 throwing nets
Armour
 b - a +0 pair of boots (worn)
 c - a +0 buckler (worn)
 e - a +0 helmet (worn)
 i - a +0 cloak (worn)
 y - a +0 tower shield
 I - a +3 ring mail (worn)
Jewellery
 a - an amulet of regeneration (around neck)
 g - a +4 ring of evasion (left hand)
 x - a +6 ring of intelligence
 E - a ring of willpower (right hand)
 F - a ring of protection from cold
Wands
 M - a wand of flame (14)
 N - a wand of digging (6)
 O - a wand of polymorph (8)
Scrolls
 h - a scroll of acquirement {unknown}
 j - 2 scrolls of teleportation
 k - 2 scrolls of fear
 l - 3 scrolls of fog
 r - a scroll of silence {unknown}
 A - a scroll of blinking {unknown}
 B - 2 scrolls of immolation
 D - 3 scrolls of vulnerability {unknown}
 H - 2 scrolls of magic mapping {unknown}
 J - a scroll of amnesia
Potions
 d - a potion of might
 f - a potion of cancellation {unknown}
 n - 2 potions of resistance
 p - 2 potions of flight
 q - 3 potions of heal wounds
 s - 4 potions of haste
 u - 3 potions of lignification
 C - a potion of brilliance {unknown}
 L - 3 potions of curing {unknown}
 P - 2 potions of invisibility {unknown}
Miscellaneous
 w - a phial of floods


   Skills:
 + Level 6.6 Fighting
 + Level 5.7 Maces & Flails
 + Level 4.5 Throwing
 + Level 6.1 Armour
 + Level 6.1 Shields
 + Level 5.1 Evocations


You had 8 spell levels left.
You didn't know any spells.
Your spell library contained the following spells:

 Spells                   Type           Power      Damage    Failure   Level
 Slow                     Hex            0%         N/A       54%         1
 Confusing Touch          Hex            0%         N/A       88%         3
 Vampiric Draining        Necr           0%         2d6       88%         3
 Freezing Cloud           Conj/Ice/Air   0%         6-21      100%        5
 Simulacrum               Ice/Necr       0%         N/A       100%        6
 Polar Vortex             Ice            0%         N/A       100%        9


Dungeon Overview and Level Annotations

Branches:
Dungeon (9/15)             Temple (1/1) D:5           Sewer (visited)
   Lair: D:8-11         Orc: D:9-12

Altars:
Ashenzari
Fedhas
Gozag
Makhleb
Nemelex Xobeh
Okawaru
Wu Jian
Zin


Innate Abilities, Weirdness & Mutations

You are surrounded by a mild repulsion field. (EV +2)
A weak demonic guardian rushes to your aid.
Spells you cast may paralyse adjacent enemies.
Your touch may inflict minor irresistible damage on your foes.


Message History

There is a stone staircase leading down here.
You climb downwards.
There is a stone staircase leading up here.
Found a +0 short sword.
A skeletal warrior comes into view. It is wielding a +0 short sword.
A skeletal warrior comes into view. It is wielding a +0 trident.
A red ugly thing comes into view.
You hit the red ugly thing.
The red ugly thing is lightly wounded.
The red ugly thing completely misses you.
The skeletal warrior hits you with a +0 short sword!
A demonic guardian appears!
As you read the scroll of teleportation, it crumbles to dust.
You feel strangely unstable.
The red ugly thing completely misses you.
Your white imp gestures at the skeletal warrior.
The puff of frost hits the skeletal warrior but does no damage.
The skeletal warrior hits you with a +0 short sword!
You thump the red ugly thing!
The red ugly thing is lightly wounded.
The red ugly thing headbutts you but does no damage.
The skeletal warrior barely misses you.
Your white imp hits the skeletal warrior.
Your white imp freezes the skeletal warrior.
The skeletal warrior resists.
You hit the red ugly thing.
The red ugly thing is moderately wounded.
The red ugly thing headbutts you.
You are engulfed in flames!!
The skeletal warrior hits you with a +0 short sword.
Your white imp gestures at the skeletal warrior.
The puff of frost misses the skeletal warrior.
The skeletal warrior hits you from afar with a +0 trident!
* * * LOW HITPOINT WARNING * * *
You hit the red ugly thing.
The red ugly thing is moderately wounded.
The red ugly thing headbutts you!
* * * LOW HITPOINT WARNING * * *
You are engulfed in flames!!
You die...
Your body crumbles into a pile of gold.

##########
#.....zz5#
#.####.####.#@#
#.........#.#u#
######.##.#.#<#
#z# #.#.# #.#
#.#.# #.# #.#.#
#.# #)#.# #.#
#.# #.# #.#


You could see a red ugly thing, 2 skeletal warriors and a friendly white imp
(summoned).

Vanquished Creatures
  A centaur warrior (D:8)
  A tengu warrior (D:8)
  2 steam dragons (D:8)
  A water moccasin (D:6)
  Duvessa (D:7)
  2 sky beasts
  2 ogres
  3 centaurs
  2 phantoms
  A bullfrog (D:4)
  2 kobold brigands
  2 scorpions
  A gnoll sergeant (D:6)
  A water moccasin zombie (D:5)
  Dowan (D:7)
  A howler monkey (D:5)
  A centaur zombie (D:6)
  A hound (D:5)
  A jelly (D:8)
  A gnoll shaman (D:8)
  An orc priest (D:5)
  An iguana (D:5)
  4 orc wizards
  A hound skeleton (D:5)
  A howler monkey zombie (D:7)
  12 gnolls
  11 adders
  3 river rats (Sewer)
  A shadow imp (D:8)
  2 white imps
  3 worms
  A dart slug (D:5)
  13 orcs
  12 ball pythons
  3 endoplasms
  6 goblins
  4 hobgoblins
  5 jackals
  3 quokkas
  5 bats
  2 frilled lizards
  16 kobolds
  13 rats
151 creatures vanquished.

Notes
Turn   | Place    | Note
-------+----------+-------------------------------------------
     0 | D:1      | siradein the Demonspawn Fighter began the quest for the
                  | Orb.
     0 | D:1      | Reached XP level 1. HP: 18/18 MP: 1/1
   255 | D:1      | Gained mutation: You are surrounded by a mild repulsion
                  | field. (EV +2) [demonic ancestry]
   255 | D:1      | Reached XP level 2. HP: 17/24 MP: 2/2
   812 | D:1      | Reached XP level 3. HP: 29/29 MP: 3/3
  1997 | D:3      | Reached XP level 4. HP: 35/35 MP: 4/4
  2055 | D:3      | Found a broken altar of Ashenzari.
  2080 | D:3      | Found a glowing drain.
  2084 | Sewer    | Entered a sewer
  2202 | Sewer    | Noticed a kobold brigand
  2216 | Sewer    | Killed a kobold brigand
  2217 | Sewer    | Reached XP level 5. HP: 37/42 MP: 5/5
  2739 | D:4      | Gained mutation: Your touch may inflict minor irresistible
                  | damage on your foes. [demonic ancestry]
  2739 | D:4      | Reached XP level 6. HP: 48/48 MP: 6/6
  2791 | D:4      | Reached skill level 1 in Evocations
  2884 | D:4      | Reached skill level 1 in Throwing
  3392 | D:4      | Gained mutation: A weak demonic guardian rushes to your
                  | aid. [demonic ancestry]
  3392 | D:4      | Reached XP level 7. HP: 55/55 MP: 7/7
  3734 | D:5      | Entered Level 5 of the Dungeon
  4077 | D:5      | Found a staircase to the Ecumenical Temple.
  4102 | Temple   | Entered the Ecumenical Temple
  4109 | Temple   | Became a worshipper of Gozag Ym Sagoz the Greedy
  4174 | Temple   | Reached skill level 5 in Fighting
  4369 | D:5      | Reached XP level 8. HP: 62/62 MP: 8/8
  4946 | D:6      | Noticed a four-headed hydra
  5060 | D:6      | Reached skill level 5 in Armour
  5236 | D:6      | Found a sparkling altar of Nemelex Xobeh.
  5389 | D:6      | Reached skill level 5 in Shields
  5752 | D:7      | Found an ornate altar of the Wu Jian Council.
  6119 | D:7      | Noticed Dowan
  6137 | D:7      | Noticed Duvessa
  6149 | D:7      | Killed Duvessa
  6175 | D:7      | Killed Dowan
  6675 | D:8      | Noticed a centaur warrior
  6689 | D:8      | Killed a centaur warrior
  6690 | D:8      | Reached skill level 5 in Maces & Flails
  6690 | D:8      | Gained mutation: Spells you cast may paralyse adjacent
                  | enemies. [demonic ancestry]
  6690 | D:8      | Reached XP level 9. HP: 57/69 MP: 9/9
  7733 | D:9      | Noticed a tengu conjurer
  7733 | D:9      | Noticed a tengu warrior
  7930 | D:8      | Killed a tengu warrior
  7931 | D:8      | Reached skill level 5 in Evocations
  8127 | D:9      | Noticed a skeletal warrior
  8128 | D:9      | Noticed a skeletal warrior
  8141 | D:9      | Noticed a red ugly thing
  8147 | D:9      | Mangled by a red ugly thing

Illustrated notes

Levels and vault maps discovered:
D:1:      minmay_arrival_four_circles, layout_loops_ring
D:2:      layout_rooms
D:3:      layout_rooms, ashenzari_altar_1, lightli_sewer_entry_pipes,
          minmay_checkerbox
D:4:      layout_loops_ring, minmay_snake_closets
D:5:      layout_gridville, temple_fountains, grunt_decor_one_mirror
D:6:      layout_loops_ring, trog_antimagical, hex_large,
          hangedman_feature_mirror
D:7:      layout_basic, zin_academy, nicolae_wu_jian_wuxing_cycle, uniq_duvessa
D:8:      layout_basic
D:9:      layout_basic, orc_0_dummy, chequers_jeans
Temple:   eino_wide_crystal_templ

Skill      XL: |  1  2  3  4  5  6  7  8  9 |
---------------+----------------------------+-----
Maces & Flails | 2 3 4 5 |  5.7
Armour         | 3 4 5 6 |  6.1
Shields        | 3 4 5 6 |  6.1
Fighting       | 4 5 6 |  6.6
Evocations     | 1 2 4 5 |  5.1
Throwing       | 1 2 3 4 |  4.5

Action                   |  1- 3 |  4- 6 |  7- 9 || total
-------------------------+-------+-------+-------++-------
Melee: Flail             |   107 |       |       ||   107
       Mace              |    44 |   159 |   304 ||   507
Throw: Dart              |       |    10 |    29 ||    39
  Use: Scroll            |       |       |    11 ||    11
 Stab: Distracted        |       |       |     2 ||     2
Armor: Scale mail        |    66 |    33 |       ||    99
       Plate armour      |       |       |    89 ||    89
       Ring mail         |       |       |    60 ||    60
Dodge: Dodged            |    96 |   103 |   226 ||   425
Block: Buckler           |    25 |    34 |    83 ||   142

Table legend: (Time is in decaauts)
 A = Elapsed time spent in this place.
 B = Non-inter-level travel time spent in this place.
 C = Inter-level travel time spent in this place.
 D = Time resting spent in this place.
 E = Time spent auto-exploring this place.
 F = Levels seen in this place.
 G = Mean time per level.
                   A        B        C        D        E       F      G
               +--------+--------+--------+--------+--------+-----+--------+
         Total |   8341 |   8002 |    339 |    594 |   4806 |  11 |  758.3 |
       Dungeon |   7957 |   7618 |    339 |    494 |   4638 |   9 |  884.1 |
        Temple |    126 |    126 |      0 |    100 |      0 |   1 |  126.0 |
         Sewer |    258 |    258 |      0 |      0 |    167 |   1 |  258.0 |
               +--------+--------+--------+--------+--------+-----+--------+

Top non-repeatable levels by time:
     D:8: 1600 daAuts
     D:1: 1410 daAuts
     D:5: 1067 daAuts
     D:4: 1034 daAuts
     D:7: 909 daAuts
     D:6: 640 daAuts
     D:2: 621 daAuts
     D:3: 550 daAuts
   Sewer: 258 daAuts
  Temple: 126 daAuts
     D:9: 122 daAuts
